Zazza, neutral female gnomish Healer -- ---- --.- --.|.----... ---------......|... -.|.--.|......... ............... -............ .......... -....... | --- -....- .h--- -- |..----....---- .........----- |..........:f@f............G..>..- |-......................----- |.....--....------- ....| |..--.---....- - --- -.<---..... |....|......| -...---....-- ....| ---.-- ------ -- Zazza the Empiric Experience level: 4 Strength: 10 Dexterity: 10 Constitution: 13 Intelligence: 9 Wisdom: 18 Charisma: 16 Health: 0(19) Energy: 22(22) Def: 8 Gold: 2699 Moves: 2101 Dungeon seed: EcX1qATAEg7yaUii Game ID: Zazza_1571926108 Your Inventory: Coins $ - 2699 gold pieces Weapons a - a +0 scalpel (weapon in hand) Armor e - an uncursed +1 pair of leather gloves (being worn) y - an uncursed +0 dwarvish mithril-coat (being worn) Comestibles j - 6 uncursed apples w - an uncursed food ration A - 3 uncursed food rations B - an uncursed pancake Scrolls m - an uncursed scroll of identify u - a blessed scroll of enchant weapon Potions c - 4 uncursed potions of healing d - 4 uncursed potions of extra healing o - an uncursed potion of water D - an uncursed potion of restore ability Wands f - a wand of sleep (0:5) q - a wand of light (0:14) Tools b - an uncursed stethoscope k - an uncursed skeleton key x - an uncursed magic whistle Gems n - 2 uncursed worthless pieces of blue glass r - an uncursed worthless piece of white glass Spells and supernatural/magical abilities: Name Level Category Fail Memory h - healing 1 healing 31% 90% x - extra healing 3 healing 44% 90% S - stone to flesh 3 healing 67% 90% W - pray for help -- divine ? -- Your skills at the end: Fighting Skills Weapon Skills knife [Basic] Spellcasting Skills healing spells [Basic] Final Attributes: You were piously aligned. You were cold resistant. You were poison resistant. You had infravision. You aggravated monsters. You were very unlucky. You are dead. Vanquished creatures: 3 small mimics a gray ooze a giant ant a monkey an orc zombie an acid blob a gas spore a large kobold 2 giant rats a green mold a red mold a gecko 4 jackals 4 kobolds 6 grid bugs 3 lichens 2 kobold zombies 3 newts 37 creatures vanquished. Voluntary challenges: You were an atheist. You used a wielded weapon 59 times, starting on turn 37. You were illiterate. You never genocided any monsters. You never polymorphed an object. You never changed form. You used no wishes. You never split a pudding. You never wrote Elbereth's name. You never violated your personal moral code. Dungeon overview: The Dungeons of Doom: levels 1 to 4 Level 1 a long staircase Level 2 Level 3 a general store Level 4 a general store stairs to The Gnomish Mines The Gnomish Mines: Level 5 <- You were here stairs to The Dungeons of Doom History has recorded: On T:1 you entered the Dungeons of Doom to retrieve the Amulet of Yendor! On T:399 you reached level 2 of The Dungeons of Doom. On T:812 you advanced to experience level 2. On T:947 you reached level 3 of The Dungeons of Doom. On T:1178 you advanced to experience level 3. On T:1350 you advanced to experience level 4. On T:1414 you reached level 4 of The Dungeons of Doom. On T:2084 you reached level 1 of The Gnomish Mines. Score breakdown: Gold: 1180 (10450 points) Experience: 4 levels ( 9649 points) Exploration: 5 levels ( 9.80%) ( 8485 points) Discoveries: 2 items ( 0.68%) ( 2482 points) Valuables value: (no points given unless you survive) Artifact value: 0 ( 0 points) Variety of kills: 18 monsters ( 4.72%) ( 6520 points) Turncount: 2101 turns ( -73 points) Survival: died (score multiplied by 80%) Total score: 30010 Latest messages: The grid bug misses. You hit the grid bug. The grid bug misses. You kill the grid bug! You displace Armand. You hear someone cursing shoplifters. You hear some noises. You hear a blast. You stop. Armand is in the way! You hear a jackal howling at the moon. The kitten misses. The kitten bites! You miss the kitten. The kitten bites! You miss the kitten. The kitten bites! The kitten misses. You miss the kitten. The kitten bites! Armand bites the newt. You are beginning to feel hungry. You hit the kitten. Armand misses the newt. The kitten bites! (2x) You die... Final status: Goodbye Zazza the Healer, killed by a kitten... You died in The Gnomish Mines on dungeon level 5 with 30010 points, and 2699 pieces of gold, after 2101 moves. You were level 4 with a maximum of 19 hit points when you died.